 Dungeon Crawl Stone Soup version 0.30.0-29-ga12c61a403 (webtiles) character file.

Game seed: 1888930515379603763

3680 Elmgren the Cleaver (level 9, -2/81 (91) HPs)
             Began as a Minotaur Berserker on June 22, 2023.
             Was an Elder of Trog.
             Slain by a soul eater (7 damage)
             ... summoned by a kobold demonologist
             ... on level 8 of the Dungeon.
             The game lasted 00:10:49 (8269 turns).

Elmgren the Cleaver (Minotaur Berserker)            Turns: 8269, Time: 00:10:49

HP:   -2/81 (91)    AC:  7    Str: 26    XL:     9   Next: 90%
MP:   8/8           EV: 11    Int:  4    God:    Trog [****..]
Gold: 428           SH:  0    Dex: 10    Spells: 8/8 levels left

rFire   . . .        x - +5 battleaxe
rCold   + . .        (shield currently unavailable)
rNeg    . . .        p - +0 ring mail
rPois   +            (helmet restricted)
rElec   .            (no cloak)
rCorr   .            (no gloves)
SInv    .            i - +1 pair of boots
Will    .....        (no amulet) Stlth
                     r - ring of poison resistance
HPRegen 0.33/turn    D - ring of protection from cold
MPRegen 0.11/turn

%: no passive effects
@: on berserk cooldown, slowed, heavily drained, very slow
A: horns 2, retaliatory headbutt
a: Renounce Religion, Berserk, Trog's Hand, Brothers in Arms


You were on level 8 of the Dungeon.
You worshipped Trog.
Trog was greatly pleased with you.
You visited 1 branch of the dungeon, and saw 8 of its levels.
You also visited: Ossuary.

You collected 428 gold pieces.

Inventory:

Hand Weapons
 x - a +5 battleaxe (weapon)
Missiles
 h - 4 throwing nets (quivered)
Armour
 i - a +1 pair of boots (worn)
 p - a +0 ring mail (worn)
Jewellery
 g - an amulet of guardian spirit
 r - a ring of poison resistance (left hand)
 t - a ring of see invisible
 D - a ring of protection from cold (right hand)
 E - a +5 ring of evasion
Wands
 m - a wand of mindburst (9)
 s - a wand of charming (12)
 C - a wand of light (10)
 F - a wand of roots (3)
Scrolls
 l - 5 scrolls of blinking
 u - 4 scrolls of fog
 v - 2 scrolls of teleportation
 y - 3 scrolls of summoning
 A - a scroll of identify
 B - a scroll of poison
Potions
 a - a potion of magic
 b - 4 potions of haste
 c - 3 potions of degeneration
 d - a potion of berserk rage {unknown}
 e - 6 potions of curing
 f - a potion of might {unknown}
 j - 2 potions of heal wounds
 k - 5 potions of lignification {unknown}
 n - a potion of invisibility {unknown}
 o - a potion of brilliance {unknown}
 q - a potion of flight {unknown}
 w - 2 potions of mutation {unknown}
 z - a potion of resistance {unknown}


   Skills:
 + Level 12.5 Fighting
 + Level 12.5 Axes
 - Level 2.4 Armour
 - Level 2.1 Dodging


You had 8 spell levels left.
You didn't know any spells.
Your spell library was empty.

Dungeon Overview and Level Annotations

Branches:
Dungeon (8/15) Zot: 26577  Temple (0/1) D:7         Ossuary (visited)
   Lair: D:8-11

Altars:
Fedhas
Hepliaklqana
Sif Muna
Uskayaw


Innate Abilities, Weirdness & Mutations

You have a pair of horns on your head.
You reflexively headbutt those who attack you in melee.


Message History

You hit the soul eater but do no damage.
You miss the quasit. The soul eater hits you! The quasit barely misses you.
The quasit claws you but does no damage. x2
The soul eater hits you!
The quasit bites you but does no damage.
The quasit claws you but does no damage.
The quasit barely misses you.
You take 21 damage, and have 59/89 hp.
MASSIVE DAMAGE!!
You hit the soul eater. You slash the quasit!
You feel the effects of Trog's Hand fading.
The quasit misses you. x2; The quasit barely misses you.
The soul eater hits you!
* * * LOW HITPOINT WARNING * * *
The quasit barely misses you. The quasit closely misses you.
The quasit claws you.
* * * LOW HITPOINT WARNING * * *
You take 16 damage, and have 43/89 hp.
You hit the soul eater but do no damage.
You slash the quasit!
You kill the quasit!
The quasit disappears in a puff of smoke!
The soul eater hits you!
* * * LOW HITPOINT WARNING * * *
You feel drained.
* * * LOW HITPOINT WARNING * * *
The soul eater barely misses you. You furiously retaliate!
You headbutt the soul eater!
You take 16 damage, and have 27/86 hp.
You barely miss the soul eater. The soul eater hits you.
* * * LOW HITPOINT WARNING * * *
You feel drained.
The soul eater hits you but does no damage.
You take 2 damage, and have 25/85 hp.
You hit the soul eater.
You headbutt the soul eater, but do no damage.
Your skin stops crawling.
You feel less strong-willed. The soul eater hits you!!
* * * LOW HITPOINT WARNING * * *
You feel drained.
You die...

# ##.........<......+
####..#####..........####
..........+..............
.##########..........###
## #..........# #
#..#######..# .
#.#########.#####.# ##
...................#
#######.@.#######..# #
♣♣3♣♣ # .# ♣K♣ # .#


KKK # #.# .♣5♣. #####.#.# .♣♣.♣♣. ......#.# ## #.# ## ......#.# #.# ......#.#
)#. You could see a soul eater (summoned), a kobold demonologist, a kobold
brigand, a quasit (summoned) and 2 kobolds.

Vanquished Creatures
  A fire dragon (D:8)
  A two-headed ogre (D:6)
  Menkaure (D:5)
  2 water moccasins
  A sky beast (D:8)
  2 ogres (D:6)
  A phantom (D:6)
  2 kobold brigands (D:8)
  5 bullfrogs
  A scorpion (D:3)
  4 wights (D:6)
  A killer bee (D:8)
  3 centaur zombies (Ossuary)
  A hound (D:5)
  2 jellies
  4 orc priests
  A gnoll bouda (D:4)
  7 iguanas
  4 orc wizards (D:5)
  6 mummies
  6 gnolls
  10 adders
  3 shadow imps
  2 white imps (D:6)
  An ufetubus (D:5)
  3 worms
  2 dart slugs
  20 orcs
  12 endoplasms
  6 giant cockroaches
  13 goblins
  8 hobgoblins
  6 jackals (D:2)
  3 quokkas
  7 ball pythons
  5 bats
  2 frilled lizards (D:3)
  5 hobgoblin zombies (Ossuary)
  23 kobolds
  5 rats
192 creatures vanquished.

Notes
Turn   | Place    | Note
-------+----------+-------------------------------------------
     0 | D:1      | Elmgren the Minotaur Berserker began the quest for the Orb.
     0 | D:1      | Reached XP level 1. HP: 19/19 MP: 0/0
   145 | D:1      | Reached XP level 2. HP: 19/27 MP: 1/1
   549 | D:1      | Reached XP level 3. HP: 23/34 MP: 2/2
   550 | D:1      | Reached ** piety under Trog
  1290 | D:2      | Reached XP level 4. HP: 41/41 MP: 3/3
  1296 | D:2      | Reached skill level 5 in Fighting
  1299 | D:2      | Reached skill level 5 in Axes
  1888 | D:3      | Found a shimmering blue altar of Sif Muna.
  1888 | D:3      | Found a blossoming altar of Fedhas.
  2015 | D:3      | Noticed a scorpion
  2020 | D:3      | Killed a scorpion
  2021 | D:3      | Reached XP level 5. HP: 50/50 MP: 4/4
  2271 | D:3      | Reached *** piety under Trog
  2713 | D:4      | Reached XP level 6. HP: 50/57 MP: 5/5
  3499 | D:5      | Entered Level 5 of the Dungeon
  4038 | D:5      | Reached XP level 7. HP: 53/66 MP: 6/6
  4111 | D:5      | Noticed Menkaure
  4117 | D:5      | Killed Menkaure
  5321 | D:6      | Noticed a two-headed ogre
  5327 | D:6      | Killed a two-headed ogre
  5328 | D:6      | Reached XP level 8. HP: 49/79 MP: 7/7
  5504 | D:6      | Reached skill level 10 in Fighting
  5504 | D:6      | Reached skill level 10 in Axes
  5582 | D:6      | Found a sand-covered staircase.
  5591 | Ossuary  | Entered an ossuary
  5714 | D:6      | Found a hide-covered altar of Uskayaw.
  5772 | D:6      | Reached XP level 9. HP: 82/86 MP: 8/8
  6034 | D:6      | Reached **** piety under Trog
  7614 | D:7      | Found a staircase to the Ecumenical Temple.
  7670 | D:7      | Found a hazy altar of Hepliaklqana.
  8247 | D:8      | Noticed a fire dragon
  8249 | D:8      | Noticed a kobold demonologist
  8258 | D:8      | Killed a fire dragon
  8264 | D:8      | Noticed a soul eater
  8269 | D:8      | Slain by a soul eater

Illustrated notes

Levels and vault maps discovered:
D:1:      lemuel_arrival_tunnels, layout_basic, minmay_tetromino_o4
D:2:      layout_basic, minmay_tripent
D:3:      minmay_wonky_spiral, layout_rooms,
          chequers_temple_overflow_statue_of_worship, hangedman_decor_opposing
D:4:      kennysheep_six_static_rooms, layout_cave_pools
D:5:      layout_layer_cave, chequers_hall_statues_corner_a, hex_tiny,
          uniq_menkaure
D:6:      layout_loops_ring, nicolae_uskayaw_murder_on_the_dancefloor,
          serial_co_window_serial, co_window_corner_a, co_window_paths_b,
          co_window_corner_a, co_window_of_opportunity_a, co_window_paths_a,
          co_window_of_opportunity_b, co_window_broadway_c,
          co_window_of_opportunity_b, co_window_unsneaky_path_c, co_window_sun,
          co_window_paths_e, glass_columns_a, glass_columns_b, glass_columns_a,
          glass_columns_a, gup_ossuary_entry_pyramid, dk_vineyard_2,
          minmay_misc_feat_iff, kennysheep_generic_room_8
D:7:      layout_basic, nicolae_hepliaklqana_hippocampus,
          minmay_temple_entry_nine_rooms
D:8:      nzn_winding_woodlands_small [nzn_winding_woodlands_5x15_split_checker,
          nzn_winding_woodlands_center_diamonds,
          nzn_winding_woodlands_5x15_default], layout_basic,
          minmay_crystal_room, dreamdust_gnoll_shepherd

Skill      XL: |  1  2  3  4  5  6  7  8  9 |
---------------+----------------------------+-----
Fighting       | 4 5 6 7 9 10 12 | 12.5
Axes           | 4 5 6 7 9 10 12 | 12.5
Armour         | |  2.4
Dodging        | |  2.1

Action                     |  1- 3 |  4- 6 |  7- 9 || total
---------------------------+-------+-------+-------++-------
  Melee: Hand axe          |    72 |   171 |    53 ||   296
         Headbutt          |    10 |    23 |    32 ||    65
         Punch             |       |     2 |       ||     2
         Battleaxe         |       |       |   107 ||   107
 Invoke: Berserk           |       |     2 |     7 ||     9
         Trog's Hand       |       |     2 |     5 ||     7
    Use: Scroll            |     4 |     6 |     8 ||    18
   Stab: Sleeping          |     2 |       |       ||     2
 Armour: Animal skin       |     6 |    13 |       ||    19
         Ring mail         |       |    30 |    49 ||    79
  Dodge: Dodged            |    51 |    92 |    76 ||   219
